AoeStats
← SlowBoy

Arabia

507957256Analyzed
1v1 RM · 11d ago on Sep 20, 2026· 45m 36s· 2 players
Game mode
Random Map
Map size
Tiny (2 player)
Population
200
Speed
Normal
Resources
Standard
Victory
Conquest
Starting age
Dark Age
Ending age
Imperial Age
RankedLock teamsTeams togetherTeam positionsShared explorationLock speedFull tech treeHidden civsTurbo modeCheats
Victory
Defeat
🇩🇪 Khmer · Germany
1733
+17
🇧🇷 Vietnamese · Brazil
1760
-17
Oii
6:02 Loom
6:15 Loom
9:03 Feudal Age
9:39 Double-Bit Axe
9:52 Horse Collar
13:48 Town Watch
16:48 Fletching
22:49 Castle Age
22:05 Bloodlines
22:58 Scale Barding Armor
23:34 Bodkin Arrow
24:09 Bow Saw
24:11 Husbandry
28:06 Chain Barding Armor
31:57 Forging
33:46 Wheelbarrow
38:49 Iron Casting
42:45 Imperial Age
40:31 Hand Cart
41:24 Masonry
41:28 Herbal Medicine
42:10 Gold Mining
44:03 Plate Barding Armor
42:49 Cavalier
43:51 Light Cavalry
SlowBoy
6:46 Loom
9:14 Feudal Age
9:59 Double-Bit Axe
13:31 Horse Collar
21:35 Castle Age
19:48 Gold Mining
20:28 Fletching
21:04 Padded Archer Armor
21:23 Bloodlines
22:14 Bodkin Arrow
22:30 Bow Saw
24:01 Husbandry
25:15 Scale Barding Armor
28:08 Wheelbarrow
27:28 Town Watch
29:30 Forging
33:16 Chain Barding Armor
36:02 Hand Cart
35:59 Stone Mining
40:57 Iron Casting
44:37 Light Cavalry
Connection lost

Rejoining the realm…

Still unreachable

The connection could not be restored.

Session expired

The server has moved on; the page needs a fresh start.